 Dungeon Crawl Stone Soup version 0.31-a0-960-g0fca184906 (webtiles) character file.

Game seed: 15910707155855360926

4659 arthad the Shield-Bearer (level 10, 0/53 HPs)
             Began as a Vine Stalker Fighter on Oct 23, 2023.
             Was a Believer of Okawaru.
             Slain by a troll (8 damage)
             ... on level 9 of the Dungeon.
             The game lasted 00:09:10 (7427 turns).

arthad the Shield-Bearer (Vine Stalker Fighter)     Turns: 7427, Time: 00:09:10

Health: 0/53       AC: 11    Str: 23    XL:     10   Next: 43%
Magic:  0/17       EV:  8    Int: 10    God:    Okawaru [**....]
Gold:   338        SH: 10    Dex: 14    Spells: 15/17 levels left

rFire   . . .        q - +6 hand axe of Abomination {freeze, rN+ Will++ Int+2}
rCold   . . .        I - +0 kite shield
rNeg    + + +        j - +1 scale mail {Will+}
rPois   .            (no helmet)
rElec   .            v - +0 cloak
rCorr   .            (no gloves)
SInv    .            x - +0 pair of boots
Will    ++++.        (no amulet)
Stlth   ++           i - ring of positive energy
HPRegen 1.08/turn    p - ring of positive energy
MPRegen 0.15/turn

%: guardian spirit
@: about to teleport
A: fangs 3, regeneration 1, magic shield, antimagic bite, no potion heal 2
a: Renounce Religion, Heroism


You were on level 9 of the Dungeon.
You worshipped Okawaru.
Okawaru was pleased with you.
You visited 2 branches of the dungeon, and saw 10 of its levels.

You collected 548 gold pieces.
You spent 210 gold pieces at shops.

Inventory:

Hand Weapons
 a - a +0 war axe
 e - a +2 dagger of venom
 q - the +6 hand axe of Abomination (weapon) {freeze, rN+ Will++ Int+2}
   (You found it on level 3 of the Dungeon)

   Int+2:     It affects your intelligence (+2).
   rN+:       It protects you from negative energy.
   Will++:    It greatly increases your willpower.
 r - a +0 morningstar
Missiles
 w - 23 poisoned darts (quivered)
 B - 3 boomerangs
 T - 5 curare-tipped darts
Armour
 b - a +0 scale mail
 c - a +0 buckler
 j - a +1 scale mail of willpower (worn)
 v - a +0 cloak (worn)
 x - a +0 pair of boots (worn)
 I - a +0 kite shield (worn)
 R - the +0 ring mail of Keliros {rF+}
   (You found it on level 8 of the Dungeon)

   rF+:       It protects you from fire.
Magical Staves
 O - a staff of fire
Jewellery
 h - an amulet of faith
 i - a ring of positive energy (left hand)
 p - a ring of positive energy (right hand)
Wands
 L - a wand of quicksilver (12)
 P - a wand of roots (10)
 S - a wand of polymorph (3)
Scrolls
 f - 8 scrolls of identify
 g - a scroll of amnesia {unknown}
 k - a scroll of blinking {unknown}
 l - a scroll of enchant weapon {unknown}
 s - 3 scrolls of teleportation
 t - 2 scrolls of butterflies {unknown}
 y - a scroll of immolation {unknown}
 F - a scroll of enchant armour {unknown}
 G - 2 scrolls of revelation {unknown}
 H - 4 scrolls of noise {unknown}
 N - a scroll of fear {unknown}
 Q - a scroll of torment {unknown}
Potions
 d - 2 potions of might
 m - a potion of mutation {unknown}
 n - 2 potions of enlightenment {unknown}
 o - a potion of haste {unknown}
 u - 2 potions of lignification {unknown}
 z - 4 potions of brilliance {unknown}
 A - 3 potions of heal wounds {unknown}
 C - 3 potions of berserk rage
 D - 5 potions of curing
 E - 2 potions of ambrosia {unknown}
 J - a potion of attraction {unknown}
 K - 3 potions of resistance {unknown}
 M - 3 potions of cancellation {unknown}


   Skills:
 * Level 6.4 Fighting
 * Level 6.0 Axes
 * Level 5.9 Armour
 - Level 6.0 Stealth
 * Level 6.4 Shields
 + Level 4.3 Spellcasting
 + Level 4.1 Translocations


You had 15 spell levels left.
You knew the following spells:

 Your Spells              Type           Power      Damage    Failure   Level
a - Blink                 Tloc           20%        N/A       32%         2

Your spell library contained the following spells:

 Spells                   Type           Power      Damage    Failure   Level
 Apportation              Tloc           20%        N/A       22%         1
 Lesser Beckoning         Tloc           20%        N/A       32%         2
 Momentum Strike          Conj/Tloc      12%        3d8       58%         2
 Necrotise                Necr           8%         1d4       75%         1
 Volatile Blastmotes      Fire/Tloc      12%        2d11      83%         3
 Poisonous Vapours        Pois/Air       4%         N/A       86%         2
 Dazzling Flash           Conj/Hex       4%         N/A       98%         3
 Frozen Ramparts          Ice            4%         1d1       98%         3
 Mephitic Cloud           Conj/Pois/Air  2%         N/A       98%         3
 Vampiric Draining        Necr           2%         2d6       98%         3
 Petrify                  Tmut/Erth      2%         N/A       100%        4
 Agony                    Necr           2%         N/A       100%        5
 Borgnjor's Vile Clutch   Necr/Erth      1%         N/A       100%        5
 Freezing Cloud           Conj/Ice/Air   1%         6-21      100%        5
 Metabolic Englaciation   Hex/Ice        1%         N/A       100%        5
 Starburst                Conj/Fire      1%         6d3       100%        6
 Maxwell's Capacitive Co  Air            1%         ∞         100%        8
 Summon Small Mammal      Summ           Unusable   N/A       N/A         1
 Call Canine Familiar     Summ           Unusable   N/A       N/A         3
 Summon Guardian Golem    Hex/Summ       Unusable   N/A       N/A         3
 Animate Dead             Necr           Unusable   N/A       N/A         4
 Death Channel            Necr           Unusable   N/A       N/A         6

Dungeon Overview and Level Annotations

Branches:
Dungeon (9/15)             Temple (1/1) D:6            Lair (0/5) D:8
    Orc: D:9-12

Altars:
Ashenzari
Cheibriados
Dithmenos
Elyvilon
Fedhas
Gozag
Hepliaklqana
Kikubaaqudgha
Makhleb
Nemelex Xobeh
Okawaru
Qazlal
Ru
Sif Muna
Trog
Uskayaw
Wu Jian
Xom
Yredelemnul
Zin
The Shining One

Shops:
D:9 !


Innate Abilities, Weirdness & Mutations

You have razor-sharp teeth.
Your natural rate of healing is unusually fast.
When hurt, damage is shared between your health and your magic reserves.
Your bite disrupts and absorbs the magic of your enemies.
Potions cannot restore your health.


Message History

Found 17 gold pieces.
A troll is nearby!
The troll shouts!
The troll bites you! You block the troll's attack. x2
You hit the troll. You freeze the troll. You bite the troll, but do no damage.
The troll is lightly wounded.
The troll bites you. The troll closely misses you. The troll claws you.
You hit the troll but do no damage. You bite the troll. You drain its power.
You feel invigorated.
The troll is moderately wounded.
You block the troll's attack. The troll claws you!
You block the troll's attack.
You closely miss the troll. Your bite misses the troll.
The troll is moderately wounded.
The troll barely misses you. The troll claws you. The troll claws you!
You are too injured to fight recklessly!
You are too injured to fight recklessly!
You are too injured to fight recklessly!
You are too injured to fight recklessly!
A troll is nearby!
You hit the troll but do no damage. Your bite misses the troll.
The troll is lightly wounded.
You block the troll's attack. The troll claws you. The troll claws you!
* * * LOW HITPOINT WARNING * * *
As you read the scroll labelled TOOREMAGYST, it crumbles to dust.
It is a scroll of identify.
s - 4 scrolls of teleportation The troll bites you.
* * * LOW HITPOINT WARNING * * *
The troll claws you but does no damage. You block the troll's attack.
As you read the scroll of teleportation, it crumbles to dust.
You feel strangely unstable. You block the troll's attack.
The troll closely misses you. The troll claws you.
* * * LOW HITPOINT WARNING * * *
The troll attacks as it pursues you! The troll bites you but does no damage.
The troll claws you.
* * * LOW HITPOINT WARNING * * *
The troll barely misses you. The troll attacks as it pursues you!
The troll bites you!
You die...

##############
#........$...+
#............#
#..@T........#
#######.#..#.......
##....##'###########
#.........# #.........#
#.........# #.........#
#........##########
########.#########.......##


You could see a troll.

Vanquished Creatures
  A komodo dragon (D:8)
  A hornet (D:8)
  Grinder (D:6)
  3 yaks (D:8)
  3 wyverns (D:8)
  A basilisk (D:8)
  2 steam dragons
  Duvessa (D:6)
  An acid dragon (D:8)
  A water moccasin (D:9)
  4 ice beasts
  2 orc warriors
  A black bear (D:4)
  An ogre (D:5)
  2 centaurs
  A phantom (D:5)
  2 kobold brigands
  4 bullfrogs
  A gnoll sergeant (D:5)
  3 scorpions
  Dowan (D:6)
  3 howler monkeys (D:7)
  A jelly (D:7)
  3 hounds
  4 orc priests
  4 iguanas
  5 orc wizards
  8 gnolls
  3 adders
  A white imp (D:6)
  2 ufetubi (D:6)
  3 worms
  A dart slug (D:3)
  21 orcs
  2 endoplasms
  2 giant cockroaches (D:4)
  7 goblins
  4 hobgoblins
  6 jackals
  16 kobolds
  2 quokkas
  6 ball pythons
  7 bats
  6 rats
154 creatures vanquished.

Notes
Turn   | Place    | Note
-------+----------+-------------------------------------------
     0 | D:1      | arthad the Vine Stalker Fighter began the quest for the
                  | Orb.
     0 | D:1      | Reached XP level 1. HP: 11/11 MP: 2/2
   384 | D:1      | Reached XP level 2. HP: 16/16 MP: 3/3
   501 | D:1      | Found a faded altar of an unknown god.
   606 | D:1      | You fall into a shaft and drop 1 floor!
   811 | D:2      | Reached skill level 1 in Stealth
  1286 | D:2      | Reached XP level 3. HP: 19/19 MP: 2/5
  1708 | D:3      | Identified the +6 hand axe of Abomination {freeze, rN+
                  | Will++ Int+2}
  1720 | D:3      | Found a glowing golden altar of the Shining One.
  1731 | D:3      | Reached skill level 1 in Spellcasting
  1731 | D:3      | Reached XP level 4. HP: 24/24 MP: 4/6
  1837 | D:3      | Found an ancient bone altar of Kikubaaqudgha.
  2088 | D:3      | Reached XP level 5. HP: 28/28 MP: 7/7
  2890 | D:4      | Reached skill level 1 in Translocations
  3023 | D:4      | Noticed a black bear
  3032 | D:4      | Killed a black bear
  3033 | D:4      | Reached XP level 6. HP: 21/32 MP: 3/9
  3355 | D:4      | Found a stormy altar of Qazlal.
  3481 | D:5      | Entered Level 5 of the Dungeon
  3493 | D:5      | Reached XP level 7. HP: 36/37 MP: 10/10
  4074 | D:5      | Learned a level 2 spell: Blink
  4176 | D:5      | Gained mutation: You have razor-sharp teeth. [Vine Stalker
                  | growth]
  4176 | D:5      | Reached XP level 8. HP: 42/42 MP: 12/12
  4219 | D:5      | Found a basalt altar of Yredelemnul.
  4542 | D:6      | Noticed Grinder
  4562 | D:6      | Killed Grinder
  4718 | D:6      | Noticed Duvessa
  4718 | D:6      | Noticed Dowan
  4730 | D:6      | Killed Duvessa
  4737 | D:6      | Killed Dowan
  4738 | D:6      | Reached skill level 5 in Shields
  4742 | D:6      | Reached skill level 5 in Fighting
  4742 | D:6      | Reached XP level 9. HP: 32/47 MP: 14/14
  5093 | D:6      | Found a staircase to the Ecumenical Temple.
  5098 | Temple   | Entered the Ecumenical Temple
  5114 | Temple   | Became a worshipper of Warmaster Okawaru
  5192 | D:7      | Found an opulent altar of Gozag.
  5516 | D:7      | Reached skill level 5 in Armour
  5518 | D:7      | Reached skill level 5 in Axes
  5724 | D:7      | Reached * piety under Okawaru
  5843 | D:7      | Reached skill level 5 in Stealth
  5959 | D:7      | Found a snail-covered altar of Cheibriados.
  6019 | D:8      | Found a hide-covered altar of Uskayaw.
  6043 | D:8      | Found a hazy altar of Hepliaklqana.
  6129 | D:8      | Identified the +0 ring mail of Keliros {rF+}
  6428 | D:8      | Reached ** piety under Okawaru
  6731 | D:8      | Reached XP level 10. HP: 50/53 MP: 14/16
  7004 | D:8      | Found a staircase to the Lair.
  7073 | D:8      | Paralysed by a hornet for 3 turns
  7379 | D:9      | Found Qamig's Distillery.
  7388 | D:9      | Bought a potion of curing for 45 gold pieces
  7388 | D:9      | Bought a potion of curing for 45 gold pieces
  7388 | D:9      | Bought a potion of curing for 45 gold pieces
  7388 | D:9      | Bought a potion of berserk rage for 75 gold pieces
  7427 | D:9      | Slain by a troll

Illustrated notes

Levels and vault maps discovered:
D:1:      amcnicky_arrival_blooded_trapdoor, layout_loops_corners,
          hellmonk_ecumenical_altar_slurped_away
D:2:      layout_loops_ring, grunt_decor_mini_mirrors
D:3:      layout_loops_corners, mainiacjoe_overflow_alcove_2,
          nicolae_overflow_hidden_temple, serial_co_window_serial,
          co_window_corner_a, co_window_corner_a, co_window_corner_a,
          co_window_paths_a, co_window_paths_a, co_window_corner_a,
          co_window_corner_a, co_window_broadway_b, co_window_corner_ca,
          co_window_2corner, glass_columns_a, glass_columns_b, glass_columns_c,
          glass_columns_a, glass_columns_a, ebering_dispersal_statue_hall
D:4:      layout_cave_pools, nicolae_qazlal_eye_of_the_storm, minmay_distorted
D:5:      nicolae_cairo_tiling_large_dashed, layout_basic,
          yredelemnul_altar_generic, grunt_decor_fettered
D:6:      layout_cave_pools, temple_doors_ab, uniq_grinder, uniq_duvessa
D:7:      layout_basic, kennysheep_mini, mainiacjoe_overflow_cross_hatched
D:8:      layout_gridville, mainiacjoe_overflow_large_starburst,
          erik_lair_dragon, chequers_decorated_corner
D:9:      layout_gridville, david_orc_4, serial_shops, nicolae_diamond_shop
Temple:   compressed_dpeg_triangle_lava_temple

Skill      XL: |  1  2  3  4  5  6  7  8  9 10 |
---------------+-------------------------------+-----
Axes           | 2 3 4 5 6 |  6.0
Stealth        | 1 2 3 4 5 6 |  6.0
Fighting       | 3 4 5 6 |  6.4
Shields        | 3 4 5 6 |  6.4
Spellcasting   | 1 2 3 4 |  4.3
Armour         | 3 4 5 |  5.9
Translocations | 1 2 3 4 |  4.1

Action                     |  1- 3 |  4- 6 |  7- 9 | 10-12 || total
---------------------------+-------+-------+-------+-------++-------
  Melee: War axe           |    60 |       |       |       ||    60
         Bite              |    12 |    15 |    57 |    13 ||    97
         Hand axe          |     9 |    87 |   233 |    41 ||   370
  Throw: Dart              |       |       |    28 |     5 ||    33
         Throwing net      |       |       |     2 |       ||     2
 Invoke: Heroism           |       |       |       |     1 ||     1
    Use: Scroll            |       |       |       |     2 ||     2
         Potion            |       |       |       |     1 ||     1
   Stab: Sleeping          |       |       |     2 |     1 ||     3
 Armour: Scale mail        |    43 |    67 |   140 |    52 ||   302
  Dodge: Dodged            |    44 |    42 |    69 |    22 ||   177
  Block: Buckler           |    11 |    22 |     8 |       ||    41
         Kite shield       |       |       |    88 |    32 ||   120

Table legend: (Time is in decaauts)
 A = Elapsed time spent in this place.
 B = Non-inter-level travel time spent in this place.
 C = Inter-level travel time spent in this place.
 D = Time resting spent in this place.
 E = Time spent auto-exploring this place.
 F = Levels seen in this place.
 G = Mean time per level.
                   A        B        C        D        E       F      G
               +--------+--------+--------+--------+--------+-----+--------+
         Total |   7520 |   7221 |    299 |      0 |   6121 |  10 |  752.0 |
       Dungeon |   7487 |   7218 |    269 |      0 |   6121 |   9 |  831.9 |
        Temple |     32 |      2 |     30 |      0 |      0 |   1 |   32.0 |
               +--------+--------+--------+--------+--------+-----+--------+

Top non-repeatable levels by time:
     D:3: 1241 daAuts
     D:8: 1202 daAuts
     D:5: 1016 daAuts
     D:1: 998 daAuts
     D:7: 851 daAuts
     D:2: 674 daAuts
     D:4: 649 daAuts
     D:6: 631 daAuts
     D:9: 221 daAuts
  Temple: 32 daAuts
